 Dungeon Crawl Stone Soup version 0.18.1-48-g4cf74bf (webtiles) character file.

846 Elitist the Caller (level 7, -2/46 HPs)
             Began as a Mummy Summoner on Aug 6, 2016.
             Was an Initiate of Gozag.
             Slain by a small abomination (6 damage)
             ... on level 1 of the Abyss.
             The game lasted 00:32:23 (6448 turns).

Elitist the Caller (Mummy Summoner)                 Turns: 6448, Time: 00:32:23

Health: -2/46      AC:  9    Str: 11    XL:     7   Next: 68%
Magic:  3/14       EV: 11    Int: 16    God:    Gozag
Gold:   213        SH:  0    Dex: 13    Spells: 4 memorised, 5 levels left

rFire  x . .     SeeInvis .     k - +0 quarterstaff
rCold  + . .     Gourm    .     c - +3 leather armour
rNeg   + + +     Faith    .     (shield currently unavailable)
rPois  ∞         Spirit   .     g - +0 helmet
rElec  .         Dismiss  .     (no cloak)
rCorr  .         Reflect  .     j - +1 pair of gloves
SustAt .         Harm     .     (no boots)
MR     .....                    (no amulet)
Stlth  ++........               (no ring)
                                (no ring)

@: very slightly contaminated, not resistant to hostile enchantments, unstealthy
A: no food or potions, fire vulnerability, cold resistance 1, negative energy
resistance 3, torment resistance, unbreathing
a: Potion Petition, Call Merchant, Bribe Branch, Renounce Religion


You were on level 1 of the Abyss.
You worshipped Gozag.
Gozag was noncommittal.
You were not hungry.

You visited 2 branches of the dungeon, and saw 6 of its levels.
You visited the Abyss 1 time.
You also visited: Sewer.

You collected 293 gold pieces.
You paid 80 gold pieces to Gozag.

Inventory:

Hand Weapons
 i - a +1 short sword of speed
 k - a +0 quarterstaff (weapon)
Armour
 a - a +0 shield
 c - a +3 leather armour (worn)
 e - a cursed +0 ring mail
 g - a +0 helmet (worn)
 j - a +1 pair of gloves (worn)
 s - a +0 scale mail of cold resistance
Wands
 h - a wand of enslavement (21/24)
 l - a wand of digging (8/24)
Scrolls
 d - 2 scrolls of remove curse
 f - 2 scrolls of immolation
 m - a scroll of amnesia
 r - a scroll of noise
Books
 b - a book of Callings

   Spells                             Type                      Level
   a - Summon Small Mammal            Summoning                    1
   b - Call Imp                       Summoning                    2
   c - Call Canine Familiar           Summoning                    3
   d - Summon Guardian Golem          Hexes/Summoning              3
   e - Summon Lightning Spire         Summoning/Air                4
   f - Summon Ice Beast               Ice/Summoning                4


   Skills:
 - Level 1.5 Dodging
 - Level 1.5 Stealth
 + Level 4.8 Spellcasting
 * Level 6.7 Summonings
 + Level 1.1 Ice Magic


You had 5 spell levels left.
You knew the following spells:

 Your Spells              Type           Power        Failure   Level  Hunger
a - Summon Small Mammal   Summ           ####         1%          1    N/A
b - Call Imp              Summ           ####....     1%          2    N/A
c - Call Canine Familiar  Summ           ####....     4%          3    N/A
d - Summon Ice Beast      Ice/Summ       ###.....     41%         4    N/A

Dungeon Overview and Level Annotations

Branches:
Dungeon (5/15)             Temple (1/1) D:4

Altars:
Cheibriados
Dithmenos
Elyvilon
Fedhas
Gozag
Kikubaaqudgha
Nemelex Xobeh
Okawaru
Pakellas
Qazlal
Ru
Sif Muna
Vehumet
Xom
Zin

Shops:
D:4 }

Annotations:
D:4 sambo's ghost, amateur MiFi
D:5 Prince Ribbit


Innate Abilities, Weirdness & Mutations

You do not eat or drink.
Your flesh is vulnerable to fire.
You are immune to poison.
Your flesh is cold resistant.
You are immune to negative energy.
You are immune to unholy pain and torment.
You can survive without breathing.


Message History

The small abomination barely misses you.
Something barely misses your hound. Something misses your hound.
The large abomination hits you but does no damage.
The small abomination hits you but does no damage.
Unknown command.
Evoke which item? (* to show all) (? for menu, Esc to quit)
Zapping:
h - a wand of enslavement {recharged} (will waste charges)
Press: ? - help, Shift-Dir - straight line, f - small abomination
Aim: a small abomination (chance to defeat MR: 28%)
The small abomination easily resists.
Evoking this partially-identified wand wasted a few charges.
Something closely misses your hound. Something tramples your hound.
Your hound stumbles backwards!
Your hound bites the large abomination but does no damage.
The thrashing horror tramples you but does no damage.
The thrashing horror barely misses you.
The large abomination barely misses you.
The small abomination hits you.
You die...
Your body crumbles into a pile of gold.

# .# .# ....#. ###.
# #.#.#X#...#...#...
#. .#.#.#.#...#.#
#.# .
##..###....####.# #.
#..#..#...#. ## #.
#...#.##....# #.
#...##..h..#..#..##X
#
####...XX.......#.#
# ## #.#....#@#.#.
#. #..
#..##.#.#..x####.. .
# ## #.§.....#.# .
#... #
.##..#.###......
##.###.#..# .##. #.
.## #... .. .. . .
.. #.#.# .# ...
##.## # #... .


You could see a thrashing horror, a large abomination, a small abomination and a
friendly hound.

Vanquished Creatures
  A kobold demonologist (Sewer)
  Grinder (Sewer)
  A big kobold (Sewer)
  A hound (D:4)
  An iguana (D:4)
  2 worker ants
  A big kobold zombie (Sewer)
  A howler monkey skeleton (D:3)
  2 adders
  A shadow imp (Sewer)
  An adder skeleton (D:4)
  2 worms
  A dart slug (D:2)
  6 orcs
  2 giant cockroaches
  4 goblins
  7 hobgoblins
  A jackal (D:2)
  A ball python (D:2)
  2 bats
  A giant cockroach zombie (Sewer)
  A giant gecko skeleton (D:4)
  A giant newt (D:2)
  11 kobolds
  A quokka skeleton (D:4)
  2 rats (D:1)
56 creatures vanquished.

Vanquished Creatures (collateral kills)
  Menkaure (D:5)
  A big kobold (Sewer)
  A scorpion (D:4)
  A hound (D:5)
  A centaur skeleton (D:4)
  2 big kobold zombies (Sewer)
  6 adders
  2 river rats (D:3)
  A shadow imp (Sewer)
  2 ufetubi (Sewer)
  An ooze (Sewer)
  4 worms
  A dart slug (D:2)
  3 giant geckos
  14 orcs
  A bat zombie (Sewer)
  5 giant cockroaches
  3 goblins
  8 hobgoblins
  2 jackals (D:2)
  A quokka (D:4)
  3 bats
  A giant newt (D:5)
  12 kobolds
  A kobold zombie (Sewer)
  4 rats
82 creatures vanquished.

Vanquished Creatures (others)
  A big kobold zombie (Sewer)
  An orc (D:5)
2 creatures vanquished.

Grand Total: 140 creatures vanquished

Notes
Turn   | Place    | Note
--------------------------------------------------------------
     0 | D:1      | Elitist the Mummy Summoner began the quest for the Orb.
     0 | D:1      | Reached XP level 1. HP: 13/13 MP: 3/3
   270 | D:1      | Reached XP level 2. HP: 17/19 MP: 5/5
   318 | D:1      | Learned a level 2 spell: Call Imp
  1233 | D:2      | Found a sparkling altar of Nemelex Xobeh.
  1351 | D:2      | Reached XP level 3. HP: 20/24 MP: 0/6
  1504 | D:2      | Found a stormy altar of Qazlal.
  1581 | D:2      | Reached skill level 4 in Summonings
  1670 | D:2      | Learned a level 3 spell: Call Canine Familiar
  1925 | D:2      | Found an oddly glowing altar of Pakellas.
  2105 | D:3      | Reached XP level 4. HP: 11/30 MP: 2/8
  2496 | D:3      | Found a glowing drain.
  2500 | Sewer    | Entered a sewer
  2942 | Sewer    | Found a burning altar of Makhleb.
  2942 | Sewer    | Noticed a big kobold
  2959 | Sewer    | Killed a big kobold
  2959 | Sewer    | Reached XP level 5. HP: 27/35 MP: 0/10
  3205 | Sewer    | Reached skill level 5 in Summonings
  3293 | Sewer    | Noticed Grinder
  3327 | Sewer    | Killed Grinder
  3327 | Sewer    | Reached XP level 6. HP: 20/41 MP: 1/12
  3339 | Sewer    | Noticed an apprentice kobold demonologist
  3417 | Sewer    | Killed an apprentice kobold demonologist
  3417 | Sewer    | Reached skill level 6 in Summonings
  3417 | Sewer    | Reached XP level 7. HP: 9/46 MP: 1/13
  3930 | D:3      | Learned a level 4 spell: Summon Ice Beast
  4168 | D:3      | Found a glowing silver altar of Zin.
  4375 | D:4      | Noticed sambo's ghost (amateur MiFi)
  4402 | D:5      | Entered Level 5 of the Dungeon
  4402 | D:5      | Noticed Menkaure
  4414 | D:5      | Killed Menkaure
  4920 | D:5      | Noticed Prince Ribbit
  5133 | D:4      | Found a snail-covered altar of Cheibriados.
  5405 | D:4      | Reached skill level 1 in Ice Magic
  5693 | D:4      | Found a staircase to the Ecumenical Temple.
  5711 | Temple   | Entered the Ecumenical Temple
  5774 | Temple   | Became a worshipper of Gozag Ym Sagoz the Greedy
  5808 | D:4      | Found a deep blue altar of Sif Muna.
  5954 | D:4      | Found Rinomelo's Gadget Emporium.
  6077 | D:4      | Found a white marble altar of Elyvilon.
  6260 | D:4      | Cast into level 1 of the Abyss (sambo's ghost)
  6319 | Abyss:1  | Noticed an efreet
  6343 | Abyss:1  | Found a corrupted altar of Lugonu.
  6350 | Abyss:1  | Noticed a tentacled starspawn
  6376 | Abyss:1  | Noticed an ancient zyme
  6409 | Abyss:1  | Noticed a large abomination
  6441 | Abyss:1  | Noticed a vampire
  6443 | Abyss:1  | Noticed a thrashing horror
  6448 | Abyss:1  | Slain by a small abomination

Skill      XL: |  1  2  3  4  5  6  7 |
---------------+----------------------+-----
Summonings     | 4 5 6 |  6.7
Spellcasting   | 3 4 |  4.8
Ice Magic      | 1 |  1.1
Dodging        | |  1.5
Stealth        | |  1.5

Action                   |  1- 3 |  4- 6 |  7- 9 || total
-------------------------+-------+-------+-------++-------
Melee: Short sword       |    85 |    93 |    30 ||   208
       Unarmed           |     8 |       |       ||     8
       Quarterstaff      |       |       |    92 ||    92
Throw: Tomahawk          |       |       |     2 ||     2
 Cast: Summon Small Mamm |    27 |     1 |     4 ||    32
       Call Imp          |    27 |    28 |    29 ||    84
       Call Canine Famil |       |     6 |    16 ||    22
       Summon Ice Beast  |       |       |     6 ||     6
Evoke: Wand              |       |       |     3 ||     3
  Use: Scroll            |     6 |     2 |     7 ||    15
 Stab: Sleeping          |     3 |       |     3 ||     6
       Distracted        |       |     3 |     4 ||     7
Armor: Robe              |    16 |       |       ||    16
       Leather armour    |    29 |    44 |    76 ||   149
Dodge: Dodged            |    59 |    54 |   106 ||   219
